AoeStats
← RelCoya

Arabia

507371298Analyzed
1v1 RM · 25d ago on Sep 17, 2026· 46m 15s· 2 players
Game mode
Random Map
Map size
Tiny (2 player)
Population
200
Speed
Normal
Resources
Standard
Victory
Conquest
Starting age
Dark Age
Ending age
Imperial Age
RankedLock teamsTeams togetherTeam positionsShared explorationLock speedFull tech treeHidden civsTurbo modeCheats
Victory
Defeat
🇧🇷 Aztecs · Brazil
1022
+18
vs
🇦🇷 Bengalis · Argentina
1061
-18
Viniciussgg
7:33 Loom
9:52 Feudal Age
11:08 Double-Bit Axe
17:59 Padded Archer Armor
18:11 Forging
20:25 Fletching
20:45 Horse Collar
20:58 Gold Mining
25:58 Castle Age
24:40 Scale Mail Armor
24:50 Stone Mining
26:03 Eagle Warrior
26:29 Arson
26:44 Squires
26:49 Elite Skirmisher
27:59 Bow Saw
29:45 Chain Mail Armor
30:06 Iron Casting
30:10 Bodkin Arrow
32:29 Leather Archer Armor
42:36 Imperial Age
40:44 Wheelbarrow
40:37 Ballistics
43:20 Bracer
45:49 Chemistry
RelCoya
2:50 Loom
10:56 Feudal Age
14:37 Fletching
19:29 Castle Age
21:11 Bodkin Arrow
20:45 Elite Skirmisher
30:33 Wheelbarrow
32:19 Padded Archer Armor
33:00 Ballistics
32:52 Gold Mining
37:07 Imperial Age
36:31 Hand Cart
37:52 Forging
43:34 Light Cavalry
46:35 Scale Barding Armor
Connection lost

Rejoining the realm…

Still unreachable

The connection could not be restored.

Session expired

The server has moved on; the page needs a fresh start.